 Dungeon Crawl Stone Soup version 0.24-a0-252-g5076262 (webtiles) character file.

Game seed: 8110727311248792463

22032 Borgoz the Fighter (level 12, 0/80 HPs)
             Began as a Gargoyle Fighter on Apr 17, 2019.
             Was a Believer of Ashenzari.
             Shot with an arrow by a centaur (3 damage)
             ... on level 14 of the Dungeon.
             The game lasted 00:27:37 (12748 turns).

Borgoz the Fighter (Gargoyle Fighter)              Turns: 12748, Time: 00:27:38

Health: 0/80       AC: 24    Str: 23    XL:     12   Next: 96%
Magic:  23/23      EV: 13    Int: 13    God:    Ashenzari [**....]
Gold:   164        SH:  9    Dex: 13    Spells: 10/11 levels left

rFire    . . .     SeeInvis .   b - +0 rapier (elec)
rCold    . . .     Gourm    .   c - +0 shield
rNeg     + + .     Faith    .   V - +3 ring mail "Vuerasm" {rPois MR+}
rPois    ∞         Spirit   .   (no helmet)
rElec    +         Reflect  .   (no cloak)
rCorr    .         Harm     .   (no gloves)
MR       +....                  (no boots)
Stlth    ++........             C - amulet of regeneration
HPRegen  0.63/turn              W - +5 ring of protection
MPRegen  0.18/turn              Q - ring "Qyrog" {rN+ MP+9 Str+3 Int+3}

@: no status effects
A: negative energy resistance 1, electricity resistance, unbreathing,
petrification resistance, rot immunity, AC +8
a: Curse Item, Scrying, Renounce Religion


You were on level 14 of the Dungeon.
You worshipped Ashenzari.
Ashenzari was pleased with you.
You were not hungry.

You visited 1 branch of the dungeon, and saw 14 of its levels.

You collected 922 gold pieces.
You spent 758 gold pieces at shops.

Inventory:

Hand Weapons
 b - a +0 rapier of electrocution (weapon)
Missiles
 K - 4 throwing nets (quivered)
Armour
 c - a +0 shield (worn)
 V - the +3 ring mail "Vuerasm" (worn) {rPois MR+}
   (You bought it in a shop on level 12 of the Dungeon)

   It protects you from poison.
   It affects your resistance to hostile enchantments.
Jewellery
 C - an amulet of regeneration (around neck)
 Q - the ring "Qyrog" (right hand) {rN+ MP+9 Str+3 Int+3}
   (You bought it in a shop on level 5 of the Dungeon)

   [ring of magical power]

   It affects your strength (+3).
   It affects your intelligence (+3).
   It protects you from negative energy.
   It affects your magic capacity (+9).
 W - a +5 ring of protection (left hand)
Wands
 E - a wand of disintegration (35)
 F - a wand of digging (5)
 L - a wand of clouds (5)
 S - a wand of iceblast (22)
Scrolls
 e - 7 scrolls of enchant armour {unknown}
 i - a scroll of silence {unknown}
 j - 3 scrolls of random uselessness {unknown}
 k - 3 scrolls of fog {unknown}
 m - 12 scrolls of teleportation
 p - 8 scrolls of remove curse
 s - 2 scrolls of enchant weapon {unknown}
 t - 3 scrolls of fear {unknown}
 v - 3 scrolls of magic mapping {unknown}
 w - a scroll of torment {unknown}
 x - 2 scrolls of blinking {unknown}
 G - 2 scrolls of noise {unknown}
 H - 2 scrolls of immolation {unknown}
 I - a scroll of amnesia {unknown}
 U - a scroll of vulnerability {unknown}
Potions
 g - a potion of haste
 h - 3 potions of cancellation
 n - a potion of degeneration {unknown}
 o - 13 potions of curing
 z - 2 potions of flight {unknown}
 B - 6 potions of agility
 R - 2 potions of lignification
Comestibles
 a - a chunk of flesh
 f - 20 rations


   Skills:
 + Level 11.3 Fighting
 * Level 9.8 Short Blades
 + Level 11.3 Armour
 + Level 8.4 Dodging
 - Level 3.2 Stealth
 - Level 3.2 Shields
 + Level 3.8 Hexes
 + Level 3.8 Evocations


You had 10 spell levels left.
You knew the following spells:

 Your Spells              Type           Power        Failure   Level  Hunger
a - Confusing Touch       Hex            ##....       38%         1    ##.....

Your spell library contained the following spells:

 Spells                   Type           Power        Failure   Level  Hunger
 Confuse                  Hex            ##......     77%         3    ####...
 Magic Dart               Conj           #...         90%         1    ##.....
 Dazzling Spray           Conj/Hex       #.....       95%         3    ####...
 Searing Ray              Conj           #.....       97%         2    ###....
 Gell's Gravitas          Tloc           #.........   99%         3    ####...
 Force Lance              Conj/Tloc      #.......     100%        4    #####..
 Fulminant Prism          Conj/Hex       #.........   100%        4    #####..
 Iskenderun's Mystic Bla  Conj           #.......     100%        4    #####..
 Petrify                  Tmut/Erth      #.......     100%        4    #####..
 Metabolic Englaciation   Hex/Ice        #.........   100%        5    ######.
 Yara's Violent Unravell  Hex/Tmut       #.........   100%        5    ######.


Dungeon Overview and Level Annotations

Branches:
Dungeon (14/15)            Temple (0/1) D:7            Lair (0/6) D:10
    Orc (0/2) D:10
 Vaults: D:13-14

Altars:
Ashenzari
Cheibriados
Okawaru
The Shining One

Shops:
D:5 ***(   D:9 ?   D:12 *

Annotations:
D:13 2 transporters, confidenceinterval's ghost, journeyman HOFi


Innate Abilities, Weirdness & Mutations

You are resistant to torment.
Your stone body is resilient. (AC +8)
You are immune to poison.
You resist negative energy. (rN+)
You are resistant to electric shocks. (rElec)
You can survive without breathing.
You are immune to petrification.
You are immune to rotting.


Message History

The meliai closely misses you.
The centaur warrior shoots an arrow.
The arrow hits you!
* * * LOW HITPOINT WARNING * * *
The centaur shoots an arrow.
You block the arrow.
A centaur comes into view.
The meliai hits you with a +0 hand axe.
* * * LOW HITPOINT WARNING * * *
The meliai barely misses you.
You puncture the meliai!
The meliai is heavily wounded.
The centaur wields a +0 shortbow.
The centaur shoots an arrow.
The arrow barely misses you.
The centaur shoots an arrow.
You block the arrow.
The centaur warrior shoots an arrow.
The arrow hits you.
* * * LOW HITPOINT WARNING * * *
The meliai hits you but does no damage. The meliai barely misses you.
You hear a deafening roar!
You puncture the meliai! Lightning courses through the meliai!
You kill the meliai!
The centaur shoots an arrow.
The arrow hits you.
You die...

, , #..# , * #..# ,
, . ,, #..# .. #..#
*, ,, ,..., * #..#
....,, #..# * .....
#..# *
,......####..##### *
.....c.@).........,,
∩
......######......,
, c.... * *...... ,
c... ,* ...... ,
...,, ......, * ,,
.. , ...... * , . ,
, * ,.... , ,,,, ,
** *


You could see a centaur warrior and 2 centaurs.

Vanquished Creatures
  Erolcha (D:9)
  Harold (D:11)
  2 hydras (D:12)
  Erica (D:8)
  2 two-headed ogres
  A tengu warrior (D:14)
  A cyclops (D:13)
  An ugly thing (D:12)
  An oklob plant (D:10)
  Joseph (D:7)
  A centaur zombie (D:14)
  2 gargoyles (D:12)
  A centaur skeleton (D:12)
  An efreet (D:14)
  2 kobold demonologists (D:9)
  3 meliai (D:14)
  6 trolls
  2 hippogriffs (D:8)
  A wyvern (D:14)
  3 wraiths
  9 yaks
  A basilisk (D:12)
  A human (D:8)
  6 vampire mosquitoes
  A hungry ghost (D:14)
  An acid dragon (D:12)
  Duvessa (D:7)
  A water moccasin (D:9)
  7 orc warriors
  5 sky beasts
  An eye of draining (D:13)
  4 phantoms
  3 black bears
  10 ogres
  3 ice beasts
  5 centaurs
  A crocodile (D:6)
  4 big kobolds
  13 bullfrogs
  Dowan (D:7)
  2 scorpions
  14 killer bees (D:10)
  4 wights
  An electric eel (D:10)
  11 howler monkeys
  A bullfrog zombie (D:7)
  4 crimson imps
  3 jellies
  6 orc priests
  2 bullfrog skeletons
  9 hounds
  18 orc wizards
  Jessica (D:2)
  12 worker ants
  2 hound skeletons
  A worker ant zombie (D:7)
  13 adders
  4 shadow imps
  An adder skeleton (D:6)
  3 worms (D:2)
  4 dart slugs
  4 leopard geckos
  63 orcs
  2 ball pythons
  3 giant cockroaches
  8 goblins
  10 hobgoblins
  5 jackals
  4 quokkas
  7 bats
  2 frilled lizards
  23 kobolds
  2 leopard gecko zombies (D:6)
  8 rats
  11 plants (D:10)
380 creatures vanquished.

Notes
Turn   | Place    | Note
-------+----------+-------------------------------------------
     0 | D:1      | Borgoz the Gargoyle Fighter began the quest for the Orb.
     0 | D:1      | Reached XP level 1. HP: 14/14 MP: 1/1
   300 | D:1      | Reached XP level 2. HP: 19/19 MP: 2/2
   669 | D:1      | Reached skill level 1 in Stealth
   905 | D:2      | Noticed Jessica
   915 | D:2      | Killed Jessica
   915 | D:2      | Reached skill level 1 in Dodging
   915 | D:2      | Reached XP level 3. HP: 24/24 MP: 3/3
   987 | D:2      | Reached XP level 4. HP: 21/29 MP: 4/4
  1224 | D:2      | Found a snail-covered altar of Cheibriados.
  2145 | D:3      | Reached XP level 5. HP: 33/33 MP: 5/5
  2702 | D:4      | Reached XP level 6. HP: 36/39 MP: 6/6
  2878 | D:4      | Found a snail-covered altar of Cheibriados.
  2902 | D:4      | Reached XP level 7. HP: 31/44 MP: 7/7
  2958 | D:4      | You fall through a shaft for 2 floors!
  2977 | D:6      | Reached skill level 5 in Fighting
  2977 | D:6      | Reached skill level 5 in Armour
  3037 | D:6      | Reached XP level 8. HP: 12/50 MP: 8/8
  3075 | D:5      | Entered Level 5 of the Dungeon
  3865 | D:5      | Found Puogguh's Assorted Antiques.
  3878 | D:5      | Found Jeyxul's General Store.
  3937 | D:5      | Found Soungu's Antique Weapon Shoppe.
  4109 | D:5      | Found an iron altar of Okawaru.
  4170 | D:5      | Found Wuoxetel's Assorted Antiques.
  4563 | D:6      | Reached skill level 5 in Short Blades
  4705 | D:6      | Reached XP level 9. HP: 56/56 MP: 9/9
  5067 | D:7      | Noticed Duvessa
  5068 | D:7      | Found a staircase to the Ecumenical Temple.
  5069 | D:7      | Noticed Dowan
  5115 | D:7      | Killed Duvessa
  5141 | D:7      | Killed Dowan
  5286 | D:7      | Found a shattered altar of Ashenzari.
  5287 | D:7      | Noticed Joseph
  5314 | D:7      | Paralysed by Joseph for 3 turns
  5336 | D:7      | Killed Joseph
  5336 | D:7      | Reached skill level 5 in Dodging
  5356 | D:7      | Became a worshipper of Ashenzari the Shackled
  6324 | D:8      | Noticed Erica
  6336 | D:8      | Killed Erica
  6336 | D:8      | Reached XP level 10. HP: 51/65 MP: 10/10
  6643 | D:8      | Got the uncursed leather armour of Kuloghiq {*Corrode MR+
                  | Str+3 Dex+3}
  6819 | D:9      | Noticed a kobold demonologist
  6820 | D:9      | Noticed a kobold demonologist
  6862 | D:9      | Killed a kobold demonologist
  6880 | D:9      | Noticed an orange demon
  6887 | D:9      | Killed a kobold demonologist
  7185 | D:9      | Reached XP level 11. HP: 38/71 MP: 11/11
  7254 | D:9      | Found Futiff's Magic Scroll Shoppe.
  7257 | D:9      | Noticed a two-headed ogre
  7273 | D:9      | Killed a two-headed ogre
  7735 | D:9      | Noticed Erolcha
  7748 | D:9      | Killed Erolcha
  7748 | D:9      | Reached skill level 10 in Armour
  7969 | D:5      | Bought a +0 rapier of electrocution for 168 gold pieces
  7986 | D:5      | Bought a scorched tin ring for 130 gold pieces
  7986 | D:5      | Identified the ring "Jiycad" {rPois Stlth+} (You bought it
                  | in a shop on level 5 of the Dungeon)
  7986 | D:5      | Bought a bound golden ring for 130 gold pieces
  7986 | D:5      | Identified the ring "Qyrog" {rN+ MP+9 Str+3 Int+3} (You
                  | bought it in a shop on level 5 of the Dungeon)
  8201 | D:10     | Entered Level 10 of the Dungeon
  8209 | D:10     | Noticed a two-headed ogre
  8226 | D:10     | Killed a two-headed ogre
  8226 | D:10     | Reached skill level 10 in Fighting
  8931 | D:10     | Learned a level 1 spell: Confusing Touch
  8936 | D:10     | Found a staircase to the Orcish Mines.
  8995 | D:10     | Noticed an oklob plant
  8998 | D:10     | Reached * piety under Ashenzari
  8998 | D:10     | Found a staircase to the Lair.
  9260 | D:10     | Reached skill level 1 in Hexes
  9306 | D:10     | Found a glowing golden altar of the Shining One.
  9399 | D:10     | Killed an oklob plant
  9399 | D:10     | Reached skill level 1 in Evocations
  9629 | D:11     | Noticed Harold
  9652 | D:11     | Killed Harold
  9652 | D:11     | Reached XP level 12. HP: 60/79 MP: 13/13
 10344 | D:12     | Noticed a six-headed hydra
 10350 | D:12     | Killed a six-headed hydra
 10566 | D:12     | Found Finakk's Assorted Antiques.
 10590 | D:12     | Bought a distressingly furry ring mail for 270 gold pieces
 10590 | D:12     | Bought a scroll of identify for 60 gold pieces
 10601 | D:12     | Identified the +3 ring mail "Vuerasm" {rPois MR+} (You
                  | bought it in a shop on level 12 of the Dungeon)
 11198 | D:12     | Noticed a seven-headed hydra
 11202 | D:12     | Killed a seven-headed hydra
 11887 | D:13     | Reached ** piety under Ashenzari
 11987 | D:13     | Found a transporter.
 11989 | D:13     | Noticed a centaur warrior
 11990 | D:13     | Noticed confidenceinterval's ghost (journeyman HOFi)
 11993 | D:13     | Noticed a storm dragon
 12132 | D:13     | Found a transporter.
 12582 | D:14     | Noticed a two-headed ogre
 12636 | D:14     | Noticed a tengu warrior
 12703 | D:14     | Killed a tengu warrior
 12729 | D:14     | Noticed a centaur warrior
 12746 | D:14     | HP: 4/80 [meliai/+0 hand axe (3)]
 12748 | D:14     | Shot with an arrow by a centaur

Levels and vault maps discovered:
D:1:      dpeg_arrival_central, layout_basic
D:2:      layout_basic, kennysheep_slug_shrine, serial_co_window_serial,
          co_window_paths_b, co_window_corner_a, co_window_paths_a,
          co_window_of_opportunity_a, co_window_paths_a, co_window_paths_b,
          co_window_corner_a, co_window_2corner, co_window_unsneaky_path_d,
          co_window_broadway_c, co_window_2corner, co_window_corner_ca,
          co_window_paths_d, glass_columns_a, glass_columns_b, glass_columns_a,
          glass_columns_a, uniq_jessica
D:3:      layout_basic, first_ration
D:4:      corexii_shack_village, layout_rooms, lemuel_statue_altar
D:5:      layout_loops_ring, basic_altar, serial_shops,
          nicolae_shop_overgrown_old_shop, shop, nicolae_shop_window_shopping,
          nicolae_shop_behind_doors
D:6:      hangedman_cross_stitches, layout_loops_ring
D:7:      layout_basic, minmay_temple_entry_proselytizer,
          cheibrodos_ashenzari_chains, uniq_joseph, uniq_duvessa
D:8:      layout_gridville, grunt_pizzeria, uniq_erica
D:9:      layout_gridville, serial_shops, shop, uniq_erolcha
D:10:     layout_basic, dpeg_oklobed_lair, erik_orc_2, basic_altar
D:11:     layout_loops_ring, uniq_harold
D:12:     layout_grid_maze, serial_shops, nicolae_shop_overgrown_old_shop
D:13:     layout_irregular_city, gammafunk_ghost_arena
D:14:     layout_small_grid, david_vaults_4, portal_ice_cave_entry_pillars_1

Skill      XL: |  1  2  3  4  5  6  7  8  9 10 11 12 |
---------------+-------------------------------------+-----
Short Blades   | 2 3 4 5 6 7 8 9 |  9.8
Stealth        | 1 2 3 |  3.2
Dodging        | 1 2 3 4 5 6 7 8 |  8.4
Fighting       | 4 5 6 8 9 10 11 | 11.3
Armour         | 4 5 6 8 9 10 11 | 11.3
Hexes          | 1 3 |  3.8
Evocations     | 1 3 |  3.8
Shields        | |  3.2

Action                   |  1- 3 |  4- 6 |  7- 9 | 10-12 || total
-------------------------+-------+-------+-------+-------++-------
Melee: Rapier            |    29 |       |       |   738 ||   767
       Dagger            |    36 |   224 |   669 |    32 ||   961
       Short sword       |       |       |       |   384 ||   384
Throw: Throwing net      |       |       |       |     2 ||     2
Evoke: Wand              |       |       |       |     8 ||     8
  Use: Potion            |       |       |     2 |     8 ||    10
       Scroll            |       |       |     7 |     4 ||    11
 Stab: Sleeping          |       |       |     1 |     4 ||     5
       Distracted        |       |       |       |     1 ||     1
       Invisible         |       |       |       |     4 ||     4
  Eat: Chunk             |       |     7 |    12 |    20 ||    39
       Ration            |       |       |       |     1 ||     1
Armor: Scale mail        |    25 |    79 |       |       ||   104
       Ring mail         |       |       |   234 |   435 ||   669
Dodge: Dodged            |    21 |    62 |   232 |   481 ||   796
Block: Shield            |    27 |    94 |   271 |   533 ||   925

Table legend:
 A = Non-vault XP
 B = Vault XP
 C = Vault XP percentage of total XP
 D = Non-vault monster count
 E = Vault monster count
 F = Vault count percentage of total count
                 A         B        C        D         E       F
            +---------+---------+-------+---------+---------+-------
      Total |   25647 |    5828 |  18.5 |     317 |      52 |  14.1
            +---------+---------+-------+---------+---------+-------
        D:1 |      26 |       0 |   0.0 |      17 |       0 |   0.0
        D:2 |      79 |      41 |  34.2 |      15 |       2 |  11.8
        D:3 |     156 |       0 |   0.0 |      32 |       0 |   0.0
        D:4 |     364 |      19 |   5.0 |       9 |      11 |  55.0
        D:5 |     469 |       0 |   0.0 |      11 |       0 |   0.0
        D:6 |     711 |     550 |  43.6 |      17 |       9 |  34.6
        D:7 |    1057 |     738 |  41.1 |      27 |       4 |  12.9
        D:8 |    1517 |    1135 |  42.8 |      31 |       2 |   6.1
        D:9 |    4614 |     902 |  16.4 |      40 |       1 |   2.4
       D:10 |    3847 |    1467 |  27.6 |      40 |      22 |  35.5
       D:11 |     475 |     976 |  67.3 |      12 |       1 |   7.7
       D:12 |    6258 |       0 |   0.0 |      34 |       0 |   0.0
       D:13 |    1988 |       0 |   0.0 |      16 |       0 |   0.0
       D:14 |    4086 |       0 |   0.0 |      16 |       0 |   0.0
            +---------+---------+-------+---------+---------+-------
